NEW JERSEY vs PHILADELPHIA

Created - January-31-21 at 12:57

Goals
1 2 3 T
NEW JERSEY 0 0 1 1
PHILADELPHIA 0 3 0 3
Shots
1 2 3 T
NEW JERSEY 9 7 9 25
PHILADELPHIA 13 14 9 36

1st period

No Goal

Penalties :
No Penalty

2nd period

1. PHILADELPHIA , Anthony Cirelli 3 (Travis Sanheim 8, Olli Maatta 4) at 2:07 (PP)
2. PHILADELPHIA , Anthony Cirelli 4 (Travis Sanheim 9, Nikita Gusev 6) at 9:11 (PP)
3. PHILADELPHIA , Adam Pelech 4 (Tyler Pitlick 1, Henrik Zetterberg 2) at 12:33

Penalties :
Anders Lee (NJ ) for High sticking (Double Minor) at 0:14, Anders Lee (NJ ) for Interference (Minor) at 5:17, Jake Muzzin (NJ ) for Roughing (Minor) at 8:49, Dmitry Orlov (NJ ) for Holding (Minor) at 9:22, Jeff Petry (NJ ) for Tripping (Minor) at 14:56

3rd period

4. NEW JERSEY , Derek Stepan 3 (Danton Heinen 3, Dmitry Orlov 7) at 18:59

Penalties :
Jake Guentzel (NJ ) for Roughing (Minor) at 5:21, Sean Couturier (NJ ) for Hooking (Minor) at 10:50

Goalie Stats

Matt Murray (NJ ), 33 saves from 36 shots - (0.917), L, 5-4-1, 60:00 minutes
Brian Elliott (PHI), 24 saves from 25 shots - (0.960), W, 6-6-2, 60:00 minutes

Players Stats for NEW JERSEY

Player Name              G  A  P  +/- PIM S  H  SB GA TA FO     MP     PP MP  PK MP  
------------------------------------------------------------------------------------
Alex DeBrincat           0  0  0   0  0   2  1  0  0  0  0/2    12:38   0:00   0:00 
Anders Lee               0  0  0   0  6   1  3  0  0  0  0/1    16:44   0:00   4:08 
Andrew Copp              0  0  0   0  0   0  1  0  0  0  5/18   12:01   0:00   5:59 
Anthony Duclair          0  0  0   0  0   0  0  0  0  0  1/2    10:52   0:00   4:50 
Brad Hunt                0  0  0   0  0   0  0  1  0  0  0/0    17:39   0:00   1:35 
Danton Heinen            0  1  1   0  0   1  0  0  0  0  1/1    12:12   0:00   0:16 
Derek Stepan             1  0  1   0  0   6  1  1  0  0  6/13   15:22   0:00   3:26 
Dmitry Orlov             0  1  1   0  2   0  2  1  0  0  0/0    19:39   0:00   5:15 
Dougie Hamilton          0  0  0   0  0   1  1  2  0  0  0/0    23:14   0:00   7:52 
Dylan Strome             0  0  0   0  0   4  0  0  0  0  10/20  13:13   0:00   0:00 
Evander Kane             0  0  0   0  0   1  2  0  0  0  1/2    15:15   0:00   0:00 
Jake Guentzel            0  0  0   0  2   1  0  0  0  0  0/0    15:30   0:00   0:16 
Jake Muzzin              0  0  0   0  2   0  3  2  0  0  0/0    20:55   0:00   6:31 
Jeff Petry               0  0  0   0  2   0  4  3  0  0  0/0    22:16   0:00   6:55 
Mikael Granlund          0  0  0   0  0   1  2  0  0  0  0/0    11:56   0:00   0:00 
Samuel Girard            0  0  0   0  0   0  1  3  0  0  0/0    16:14   0:00   0:10 
Sean Couturier           0  0  0   0  2   6  0  0  0  0  20/28  21:44   0:00   7:05 
Zach Aston-Reese         0  0  0   0  0   1  0  0  0  0  0/1     8:20   0:00   2:18 

Players Stats for PHILADELPHIA

Player Name              G  A  P  +/- PIM S  H  SB GA TA FO     MP     PP MP  PK MP  
------------------------------------------------------------------------------------
Adam Pelech              1  0  1   1  0   3  1  1  0  0  0/0    20:53   6:59   0:00 
Andre Burakovsky         0  0  0   0  0   5  3  0  0  0  0/1    22:20   8:00   0:00 
Anthony Cirelli          2  0  2   0  0   6  5  0  0  0  14/29  22:20   8:00   0:00 
Conor Garland            0  0  0  -1  0   3  0  0  0  0  1/1    18:28   6:09   0:00 
Erik Gudbranson          0  0  0   1  0   1  1  0  0  0  0/0    20:53   6:59   0:00 
Henrik Zetterberg        0  1  1   1  0   0  0  0  0  0  5/10    7:13   0:00   0:00 
Jack Hughes              0  0  0   0  0   3  1  1  0  0  7/18   11:59   0:00   0:00 
Lias Andersson           0  0  0   0  0   1  0  0  0  0  0/0    11:59   0:00   0:00 
Mathias Brome            0  0  0   1  0   0  1  0  0  0  1/1     7:13   0:00   0:00 
Michael Stone            0  0  0   0  0   1  0  1  0  0  0/0    14:25   0:00   0:00 
Mikko Lehtonen           0  0  0   0  0   0  0  1  0  0  0/0    14:25   0:00   0:00 
Nikita Gusev             0  1  1   0  0   5  0  0  0  0  2/5    22:20   8:00   0:00 
Olli Maatta              0  1  1  -1  0   2  3  0  0  0  0/0    24:42   7:10   0:00 
Richard Panik            0  0  0   0  0   3  1  0  0  0  0/0    11:59   0:00   0:00 
Travis Sanheim           0  2  2  -1  0   0  2  0  0  0  0/0    24:42   7:10   0:00 
Tyler Ennis              0  0  0  -1  0   2  0  0  0  0  0/2    18:28   6:09   0:00 
Tyler Pitlick            0  1  1   1  0   0  0  0  0  0  0/0     7:13   0:00   0:00 
Valtteri Filppula        0  0  0  -1  0   1  1  0  0  0  14/21  18:28   6:09   0:00 

3 Stars

1 - Anthony Cirelli (PHI)
2 - Adam Pelech (PHI)
3 - Brian Elliott (PHI)

Power Play

NEW JERSEY - 0 on 0 Attempt(s) - 0.00%
PHILADELPHIA - 2 on 8 Attempt(s) - 25.00%

Penalty Kill

NEW JERSEY - 6 on 8 Attempt(s) - 75.00% - Score 0 goal in Penalty Kill
PHILADELPHIA - 0 on 0 Attempt(s) - 0.00% - Score 0 goal in Penalty Kill

Team Stat

NEW JERSEY - Hits : 21 - Faceoff Wins : 44 - Blocked Shots : 13 - Penalty Minutes : 16
PHILADELPHIA - Hits : 19 - Faceoff Wins : 44 - Blocked Shots : 4 - Penalty Minutes : 0

Official

Referees : Tom Chmielewski and Jake Brenk
Linesman : Brad Kovachik and Tyson Baker

Game Notes

No Game Note

Finance

Level 1 -- Attendance: 4631 (77.18%) -- Ticket Income $463,100
Level 2 -- Attendance: 4101 (82.02%) -- Ticket Income $246,060
Level 3 -- Attendance: 1758 (87.90%) -- Ticket Income $61,530
Level 4 -- Attendance: 3968 (99.20%) -- Ticket Income $79,360
Luxury Box -- Attendance: 776 (77.60%) -- Ticket Income $155,200
Game was played at the Wells Fargo Center.
Total Attendance: 15234 (84.63%)
Total Ticket Income: $1,005,250
Total Income: $1,005,250

NEW JERSEY

5 vs 5 Forward 
   Center                   Left Wing                Right Wing               Time % Phy DF OF 
 1 Sean Couturier           Jake Guentzel            Evander Kane             37     1   2  2  
 2 Dylan Strome             Anders Lee               Alex DeBrincat           30     1   2  2  
 3 Derek Stepan             Mikael Granlund          Danton Heinen            24     1   2  2  
 4 Andrew Copp              Zach Aston-Reese         Anthony Duclair          9      2   2  1  

5 vs 5 Defense 
   Defense                  Defense                                           Time % Phy DF OF 
 1 Dougie Hamilton          Jeff Petry                                        40     1   2  2  
 2 Jake Muzzin              Dmitry Orlov                                      33     1   2  2  
 3 Samuel Girard            Brad Hunt                                         22     1   2  2  
 4 Dougie Hamilton          Jeff Petry                                        5      1   2  2  

PowerPlay Forward 
   Center                   Left Wing                Right Wing               Time % Phy DF OF 
 1 Sean Couturier           Jake Guentzel            Evander Kane             60     1   2  2  
 2 Dylan Strome             Anders Lee               Alex DeBrincat           40     1   2  2  

PowerPlay Defense
   Defense                  Defense                                           Time % Phy DF OF 
 1 Dougie Hamilton          Jeff Petry                                        60     1   2  2  
 2 Jake Muzzin              Dmitry Orlov                                      40     1   2  2  

Penalty Kill 4 Players Forward 
   Center                   Wing                     Time % Phy DF OF 
 1 Sean Couturier           Anders Lee               60     1   2  2  
 2 Andrew Copp              Derek Stepan             40     1   2  2  

Penalty Kill 4 Players Defense
   Defense                  Defense                  Time % Phy DF OF 
 1 Dougie Hamilton          Jeff Petry               60     1   2  2  
 2 Jake Muzzin              Dmitry Orlov             40     1   2  2  

Penalty Kill - 3 Players Forward 
   Forward                                           Time % Phy DF OF 
 1 Sean Couturier                                    60     1   2  2  
 2 Andrew Copp                                       40     1   2  2  

Penalty Kill - 3 Players Defense
   Defense                  Defense                  Time % Phy DF OF 
 1 Dougie Hamilton          Jeff Petry               60     1   2  2  
 2 Jake Muzzin              Dmitry Orlov             40     1   2  2  

4 vs 4 Forward 
   Center                   Wing                     Time % Phy DF OF 
 1 Sean Couturier           Evander Kane             60     1   2  2  
 2 Dylan Strome             Alex DeBrincat           40     1   2  2  

4 vs 4 Defense
   Defense                  Defense                  Time % Phy DF OF 
 1 Dougie Hamilton          Jeff Petry               60     1   2  2  
 2 Jake Muzzin              Dmitry Orlov             40     1   2  2  

Last Minutes Offensive
   Center                   Left Wing                Right Wing               Defense                  Defense                  
   Sean Couturier           Evander Kane             Jake Guentzel            Dougie Hamilton          Jeff Petry               

Last Minutes Defensive
   Center                   Left Wing                Right Wing               Defense                  Defense                  
   Sean Couturier           Evander Kane             Jake Guentzel            Dougie Hamilton          Jeff Petry               

Goaltenders
Starting : Matt Murray              
Backup : Cal Petersen             

Extra Forwards
Normal : Dylan Strome, Mikael Granlund, Anthony Duclair - PP : Dylan Strome, Mikael Granlund - PK : Anthony Duclair
Extra Defensemen
Normal : Samuel Girard, Brad Hunt, Jake Muzzin - PP : Samuel Girard - PK : Brad Hunt, Jake Muzzin
Penalty Shots
Sean Couturier, Evander Kane, Anders Lee, Jake Guentzel, Alex DeBrincat

Scratches
Jonathan Bernier (Healthy)

PHILADELPHIA

5 vs 5 Forward 
   Center                   Left Wing                Right Wing               Time % Phy DF OF 
 1 Anthony Cirelli          Andre Burakovsky         Nikita Gusev             35     1   2  2  
 2 Valtteri Filppula        Tyler Ennis              Conor Garland            30     1   2  2  
 3 Jack Hughes              Lias Andersson           Richard Panik            25     1   2  2  
 4 Henrik Zetterberg        Mathias Brome            Tyler Pitlick            10     1   2  2  

5 vs 5 Defense 
   Defense                  Defense                                           Time % Phy DF OF 
 1 Olli Maatta              Travis Sanheim                                    35     1   2  2  
 2 Adam Pelech              Erik Gudbranson                                   30     1   2  2  
 3 Michael Stone            Mikko Lehtonen                                    25     1   2  2  
 4 Olli Maatta              Travis Sanheim                                    10     1   2  2  

PowerPlay Forward 
   Center                   Left Wing                Right Wing               Time % Phy DF OF 
 1 Anthony Cirelli          Andre Burakovsky         Nikita Gusev             60     1   2  2  
 2 Valtteri Filppula        Tyler Ennis              Conor Garland            40     1   2  2  

PowerPlay Defense
   Defense                  Defense                                           Time % Phy DF OF 
 1 Olli Maatta              Travis Sanheim                                    60     1   2  2  
 2 Adam Pelech              Erik Gudbranson                                   40     1   2  2  

Penalty Kill 4 Players Forward 
   Center                   Wing                     Time % Phy DF OF 
 1 Anthony Cirelli          Andre Burakovsky         60     1   2  2  
 2 Nikita Gusev             Valtteri Filppula        40     1   2  2  

Penalty Kill 4 Players Defense
   Defense                  Defense                  Time % Phy DF OF 
 1 Olli Maatta              Travis Sanheim           60     1   2  2  
 2 Adam Pelech              Erik Gudbranson          40     1   2  2  

Penalty Kill - 3 Players Forward 
   Forward                                           Time % Phy DF OF 
 1 Anthony Cirelli                                   60     1   2  2  
 2 Andre Burakovsky                                  40     1   2  2  

Penalty Kill - 3 Players Defense
   Defense                  Defense                  Time % Phy DF OF 
 1 Olli Maatta              Travis Sanheim           60     1   2  2  
 2 Adam Pelech              Erik Gudbranson          40     1   2  2  

4 vs 4 Forward 
   Center                   Wing                     Time % Phy DF OF 
 1 Anthony Cirelli          Andre Burakovsky         60     1   2  2  
 2 Nikita Gusev             Valtteri Filppula        40     1   2  2  

4 vs 4 Defense
   Defense                  Defense                  Time % Phy DF OF 
 1 Olli Maatta              Travis Sanheim           60     1   2  2  
 2 Adam Pelech              Erik Gudbranson          40     1   2  2  

Last Minutes Offensive
   Center                   Left Wing                Right Wing               Defense                  Defense                  
   Anthony Cirelli          Andre Burakovsky         Nikita Gusev             Olli Maatta              Travis Sanheim           

Last Minutes Defensive
   Center                   Left Wing                Right Wing               Defense                  Defense                  
   Anthony Cirelli          Andre Burakovsky         Nikita Gusev             Olli Maatta              Travis Sanheim           

Goaltenders
Starting : Brian Elliott            
Backup : Anthony Stolarz          

Extra Forwards
Normal : Richard Panik, Tyler Pitlick, Jack Hughes - PP : Richard Panik, Tyler Pitlick - PK : Jack Hughes
Extra Defensemen
Normal : Michael Stone, Mikko Lehtonen, Adam Pelech - PP : Michael Stone - PK : Mikko Lehtonen, Adam Pelech
Penalty Shots
Anthony Cirelli, Andre Burakovsky, Nikita Gusev, Valtteri Filppula, Tyler Ennis

Scratches
PHI Cap Hit (Suspend)

% Time on Ice - NEW JERSEY

Lines # - Real PCT - Wanted PCT - Time Play
Normal Forward
1 - 33% - 37% - 15:15
2 - 28% - 30% - 12:38
3 - 26% - 24% - 11:56
4 - 13% - 9% - 6:02
Normal Defense
1 - 32% - 40% - 14:53
2 - 31% - 33% - 14:25
3 - 35% - 22% - 16:04
4 - 1% - 5% - 0:29
PP Forward
1 - 0% - 60%
2 - 0% - 40%
PP Defense
1 - 0% - 60%
2 - 0% - 40%
PK Forward
1 - 72% - 60% - 10:09
2 - 28% - 40% - 4:00
PK Defense
1 - 56% - 60% - 7:52
2 - 44% - 40% - 6:17
PK3 Forward
1 - 0% - 60%
2 - 0% - 40%
PK3 Defense
1 - 0% - 60%
2 - 0% - 40%
44 Forward
1 - 0% - 60%
2 - 0% - 40%
44 Defense
1 - 0% - 60%
2 - 0% - 40%
Last Minute Offensive  - 0:00
Last Minute Defensive  - 0:00
Total
Forward - 60:00
Defense - 60:00

% Time on Ice - PHILADELPHIA

Lines # - Real PCT - Wanted PCT - Time Play
Normal Forward
1 - 31% - 35% - 14:20
2 - 27% - 30% - 12:19
3 - 26% - 25% - 11:59
4 - 16% - 10% - 7:13
Normal Defense
1 - 34% - 35% - 15:48
2 - 30% - 30% - 13:54
3 - 31% - 25% - 14:25
4 - 4% - 10% - 1:44
PP Forward
1 - 57% - 60% - 8:00
2 - 43% - 40% - 6:09
PP Defense
1 - 51% - 60% - 7:10
2 - 49% - 40% - 6:59
PK Forward
1 - 0% - 60%
2 - 0% - 40%
PK Defense
1 - 0% - 60%
2 - 0% - 40%
PK3 Forward
1 - 0% - 60%
2 - 0% - 40%
PK3 Defense
1 - 0% - 60%
2 - 0% - 40%
44 Forward
1 - 0% - 60%
2 - 0% - 40%
44 Defense
1 - 0% - 60%
2 - 0% - 40%
Last Minute Offensive  - 0:00
Last Minute Defensive  - 0:00
Total
Forward - 60:00
Defense - 60:00

Play-by-Play

1st period


0:01 of 1st period - Anthony Cirelli wins face-off versus Sean Couturier in neutral zone.
0:11 of 1st period - Jeff Petry is hit by Anthony Cirelli and loses puck.
0:20 of 1st period - Shot by Anthony Cirelli.
0:20 of 1st period - Shot Blocked by Jeff Petry.
0:22 of 1st period - Shot by Travis Sanheim.
0:22 of 1st period - Shot Misses the Net.
0:24 of 1st period - Shot by Nikita Gusev.
0:24 of 1st period - Stopped by Matt Murray with a rebound.
0:26 of 1st period - Shot by Olli Maatta.
0:26 of 1st period - Shot Blocked by Jeff Petry.
0:28 of 1st period - Shot by Andre Burakovsky.
0:28 of 1st period - Stopped by Matt Murray without a rebound.
0:29 of 1st period - Dylan Strome wins face-off versus Valtteri Filppula in NEW JERSEY zone.
0:47 of 1st period - Shot by Valtteri Filppula.
0:47 of 1st period - Deflect By Conor Garland.
0:47 of 1st period - Stopped by Matt Murray with a rebound.
0:58 of 1st period - Icing by Dmitry Orlov.
0:59 of 1st period - Jack Hughes wins face-off versus Dylan Strome in NEW JERSEY zone.
1:02 of 1st period - Shot by Jack Hughes.
1:02 of 1st period - Stopped by Matt Murray without a rebound.
1:03 of 1st period - Jack Hughes wins face-off versus Derek Stepan in NEW JERSEY zone.
1:08 of 1st period - Shot by Richard Panik.
1:08 of 1st period - Shot Blocked by Derek Stepan.
1:18 of 1st period - Icing by Mikko Lehtonen.
1:19 of 1st period - Jack Hughes wins face-off versus Andrew Copp in PHILADELPHIA zone.
1:30 of 1st period - Shot by Michael Stone.
1:30 of 1st period - Stopped by Matt Murray without a rebound.
1:31 of 1st period - Henrik Zetterberg wins face-off versus Derek Stepan in NEW JERSEY zone.
1:38 of 1st period - Shot by Travis Sanheim.
1:38 of 1st period - Shot Blocked by Samuel Girard.
2:15 of 1st period - Icing by Brad Hunt.
2:16 of 1st period - Anthony Cirelli wins face-off versus Derek Stepan in NEW JERSEY zone.
2:27 of 1st period - Shot by Nikita Gusev.
2:27 of 1st period - Stopped by Matt Murray without a rebound.
2:28 of 1st period - Sean Couturier wins face-off versus Valtteri Filppula in NEW JERSEY zone.
2:37 of 1st period - Shot by Evander Kane.
2:37 of 1st period - Shot Misses the Net.
2:39 of 1st period - Shot by Sean Couturier.
2:39 of 1st period - Stopped by Brian Elliott without a rebound.
2:40 of 1st period - Anthony Cirelli wins face-off versus Dylan Strome in PHILADELPHIA zone.
2:51 of 1st period - Shot by Nikita Gusev.
2:51 of 1st period - Shot Misses the Net.
2:53 of 1st period - Shot by Adam Pelech.
2:53 of 1st period - Stopped by Matt Murray without a rebound.
2:54 of 1st period - Sean Couturier wins face-off versus Jack Hughes in NEW JERSEY zone.
2:54 of 1st period - Sean Couturier is hit by Richard Panik.
3:22 of 1st period - Shot by Sean Couturier.
3:22 of 1st period - Shot Misses the Net.
3:29 of 1st period - Icing by Richard Panik.
3:30 of 1st period - Jack Hughes wins face-off versus Dylan Strome in PHILADELPHIA zone.
3:30 of 1st period - Jack Hughes is hit by Anders Lee.
3:43 of 1st period - Jack Hughes is hit by Dmitry Orlov and loses puck.
3:53 of 1st period - Dmitry Orlov is hit by Valtteri Filppula.
3:57 of 1st period - Shot by Dylan Strome.
3:57 of 1st period - Stopped by Brian Elliott without a rebound.
3:58 of 1st period - Anthony Cirelli wins face-off versus Andrew Copp in PHILADELPHIA zone.
4:17 of 1st period - Shot by Nikita Gusev.
4:17 of 1st period - Shot Misses the Net.
4:23 of 1st period - Shot by Andre Burakovsky.
4:23 of 1st period - Stopped by Matt Murray without a rebound.
4:24 of 1st period - Sean Couturier wins face-off versus Valtteri Filppula in NEW JERSEY zone.
4:56 of 1st period - Shot by Conor Garland.
4:56 of 1st period - Deflect By Tyler Ennis.
4:56 of 1st period - Stopped by Matt Murray without a rebound.
4:57 of 1st period - Dylan Strome wins face-off versus Anthony Cirelli in NEW JERSEY zone.
5:16 of 1st period - Shot by Anders Lee.
5:16 of 1st period - Stopped by Brian Elliott without a rebound.
5:17 of 1st period - Derek Stepan wins face-off versus Jack Hughes in PHILADELPHIA zone.
5:18 of 1st period - Shot by Mikael Granlund.
5:18 of 1st period - Stopped by Brian Elliott without a rebound.
5:19 of 1st period - Sean Couturier wins face-off versus Valtteri Filppula in PHILADELPHIA zone.
5:34 of 1st period - Shot by Jake Guentzel.
5:34 of 1st period - Stopped by Brian Elliott without a rebound.
5:35 of 1st period - Derek Stepan wins face-off versus Anthony Cirelli in PHILADELPHIA zone.
6:03 of 1st period - Icing by Travis Sanheim.
6:04 of 1st period - Dylan Strome wins face-off versus Anthony Cirelli in PHILADELPHIA zone.
6:50 of 1st period - Off-side.
6:51 of 1st period - Conor Garland wins face-off versus Sean Couturier in neutral zone.
7:00 of 1st period - Shot by Valtteri Filppula.
7:00 of 1st period - Shot Misses the Net.
7:02 of 1st period - Shot by Conor Garland.
7:02 of 1st period - Shot Blocked by Dmitry Orlov.
7:04 of 1st period - Shot by Conor Garland.
7:04 of 1st period - Shot Blocked by Jake Muzzin.
7:06 of 1st period - Shot by Erik Gudbranson.
7:06 of 1st period - Shot Misses the Net.
7:43 of 1st period - Adam Pelech is hit by Evander Kane and loses puck.
8:27 of 1st period - Off-side.
8:28 of 1st period - Dylan Strome wins face-off versus Henrik Zetterberg in neutral zone.
8:32 of 1st period - Alex DeBrincat is hit by Olli Maatta and loses puck.
8:45 of 1st period - Shot by Travis Sanheim.
8:45 of 1st period - Shot Misses the Net.
8:51 of 1st period - Olli Maatta is hit by Alex DeBrincat and loses puck.
9:04 of 1st period - Shot by Alex DeBrincat.
9:04 of 1st period - Shot Misses the Net.
10:03 of 1st period - Icing by Michael Stone.
10:04 of 1st period - Sean Couturier wins face-off versus Nikita Gusev in PHILADELPHIA zone.
10:21 of 1st period - Shot by Sean Couturier.
10:21 of 1st period - Stopped by Brian Elliott without a rebound.
10:22 of 1st period - Danton Heinen wins face-off versus Jack Hughes in PHILADELPHIA zone.
10:25 of 1st period - Shot by Derek Stepan.
10:25 of 1st period - Stopped by Brian Elliott without a rebound.
10:26 of 1st period - Sean Couturier wins face-off versus Jack Hughes in PHILADELPHIA zone.
10:33 of 1st period - Shot by Dougie Hamilton.
10:33 of 1st period - Shot Misses the Net.
11:06 of 1st period - Jack Hughes is hit by Jeff Petry and loses puck.
12:14 of 1st period - Shot by Anthony Cirelli.
12:14 of 1st period - Stopped by Matt Murray without a rebound.
12:15 of 1st period - Mathias Brome wins face-off versus Dylan Strome in NEW JERSEY zone.
12:20 of 1st period - Shot by Erik Gudbranson.
12:20 of 1st period - Shot Misses the Net.
13:14 of 1st period - Zach Aston-Reese is hit by Anthony Cirelli and loses puck.
14:07 of 1st period - Dougie Hamilton is hit by Travis Sanheim and loses puck.
14:12 of 1st period - Shot by Derek Stepan.
14:12 of 1st period - Stopped by Brian Elliott without a rebound.
14:13 of 1st period - Sean Couturier wins face-off versus Jack Hughes in PHILADELPHIA zone.
14:22 of 1st period - Shot by Jake Guentzel.
14:22 of 1st period - Shot Blocked by Adam Pelech.
14:29 of 1st period - Off-side.
14:30 of 1st period - Dylan Strome wins face-off versus Henrik Zetterberg in neutral zone.
14:39 of 1st period - Shot by Alex DeBrincat.
14:39 of 1st period - Stopped by Brian Elliott without a rebound.
14:40 of 1st period - Valtteri Filppula wins face-off versus Sean Couturier in PHILADELPHIA zone.
14:57 of 1st period - Shot by Sean Couturier.
14:57 of 1st period - Shot Misses the Net.
15:01 of 1st period - Shot by Evander Kane.
15:01 of 1st period - Shot Blocked by Michael Stone.
15:03 of 1st period - Shot by Samuel Girard.
15:03 of 1st period - Shot Misses the Net.
15:53 of 1st period - Shot by Richard Panik.
15:53 of 1st period - Shot Misses the Net.
15:55 of 1st period - Shot by Olli Maatta.
15:55 of 1st period - Shot Misses the Net.
16:32 of 1st period - Anthony Cirelli is hit by Jeff Petry and loses puck.
16:36 of 1st period - Icing by Alex DeBrincat.
16:37 of 1st period - Dylan Strome wins face-off versus Henrik Zetterberg in NEW JERSEY zone.
16:53 of 1st period - Icing by Adam Pelech.
16:54 of 1st period - Henrik Zetterberg wins face-off versus Derek Stepan in PHILADELPHIA zone.
16:54 of 1st period - Henrik Zetterberg is hit by Mikael Granlund.
17:01 of 1st period - Mikael Granlund is hit by Erik Gudbranson and loses puck.
17:10 of 1st period - Shot by Mikael Granlund.
17:10 of 1st period - Deflect By Danton Heinen.
17:10 of 1st period - Shot Misses the Net.
17:44 of 1st period - Shot by Nikita Gusev.
17:44 of 1st period - Deflect By Andre Burakovsky.
17:44 of 1st period - Stopped by Matt Murray without a rebound.
17:45 of 1st period - Valtteri Filppula wins face-off versus Dylan Strome in NEW JERSEY zone.
17:55 of 1st period - Icing by Alex DeBrincat.
17:56 of 1st period - Dylan Strome wins face-off versus Jack Hughes in NEW JERSEY zone.
18:16 of 1st period - Icing by Travis Sanheim.
18:17 of 1st period - Jack Hughes wins face-off versus Andrew Copp in PHILADELPHIA zone.
18:24 of 1st period - Shot by Travis Sanheim.
18:24 of 1st period - Shot Misses the Net.
18:51 of 1st period - Icing by Jake Muzzin.
18:52 of 1st period - Andrew Copp wins face-off versus Anthony Cirelli in NEW JERSEY zone.
18:52 of 1st period - Andrew Copp is hit by Andre Burakovsky.
19:01 of 1st period - Anthony Duclair is hit by Adam Pelech and loses puck.
19:16 of 1st period - Shot by Adam Pelech.
19:16 of 1st period - Stopped by Matt Murray without a rebound.
19:17 of 1st period - Valtteri Filppula wins face-off versus Derek Stepan in NEW JERSEY zone.
19:22 of 1st period - Shot by Conor Garland.
19:22 of 1st period - Shot Blocked by Dougie Hamilton.
19:46 of 1st period - Shot by Conor Garland.
19:46 of 1st period - Stopped by Matt Murray without a rebound.
19:47 of 1st period - Anthony Cirelli wins face-off versus Alex DeBrincat in NEW JERSEY zone.
19:58 of 1st period - Shot by Anthony Cirelli.
19:58 of 1st period - Shot Blocked by Samuel Girard.
Goals for this period are 0 for NEW JERSEY vs 0 for PHILADELPHIA.
Shots for this period are 9 for NEW JERSEY vs 13 for PHILADELPHIA.

2nd period


0:01 of 2nd period - Sean Couturier wins face-off versus Tyler Ennis in neutral zone.
0:08 of 2nd period - Shot by Sean Couturier.
0:08 of 2nd period - Stopped by Brian Elliott without a rebound.
0:09 of 2nd period - Nikita Gusev wins face-off versus Dylan Strome in PHILADELPHIA zone.
0:09 of 2nd period - Nikita Gusev is hit by Anders Lee.
0:14 of 2nd period - Double Minor Penalty to Anders Lee for High sticking.
0:15 of 2nd period - Sean Couturier wins face-off versus Andre Burakovsky in NEW JERSEY zone.
0:15 of 2nd period - Sean Couturier is hit by Andre Burakovsky.
0:47 of 2nd period - Shot by Travis Sanheim.
0:47 of 2nd period - Shot Blocked by Jake Muzzin.
0:49 of 2nd period - Shot by Olli Maatta.
0:49 of 2nd period - Stopped by Matt Murray without a rebound.
0:50 of 2nd period - Sean Couturier wins face-off versus Valtteri Filppula in NEW JERSEY zone.
1:42 of 2nd period - Icing by Olli Maatta.
1:43 of 2nd period - Anthony Cirelli wins face-off versus Andrew Copp in PHILADELPHIA zone.
2:07 of 2nd period - Shot by Anthony Cirelli.
2:07 of 2nd period - Goal by Anthony Cirelli - NEW JERSEY : 0 - PHILADELPHIA : 1.
2:08 of 2nd period - Valtteri Filppula wins face-off versus Zach Aston-Reese in neutral zone.
2:17 of 2nd period - Shot by Erik Gudbranson.
2:17 of 2nd period - Stopped by Matt Murray without a rebound.
2:18 of 2nd period - Sean Couturier wins face-off versus Nikita Gusev in NEW JERSEY zone.
2:18 of 2nd period - Sean Couturier is hit by Anthony Cirelli.
4:15 of 2nd period - Shot by Alex DeBrincat.
4:15 of 2nd period - Shot Misses the Net.
4:17 of 2nd period - Shot by Dylan Strome.
4:17 of 2nd period - Stopped by Brian Elliott without a rebound.
4:18 of 2nd period - Henrik Zetterberg wins face-off versus Derek Stepan in PHILADELPHIA zone.
5:17 of 2nd period - Minor Penalty to Anders Lee for Interference.
5:18 of 2nd period - Sean Couturier wins face-off versus Anthony Cirelli in NEW JERSEY zone.
5:18 of 2nd period - Sean Couturier is hit by Anthony Cirelli.
5:36 of 2nd period - Shot by Anthony Cirelli.
5:36 of 2nd period - Deflect By Nikita Gusev.
5:36 of 2nd period - Stopped by Matt Murray without a rebound.
5:37 of 2nd period - Valtteri Filppula wins face-off versus Sean Couturier in NEW JERSEY zone.
5:37 of 2nd period - Travis Sanheim is hit by Jeff Petry and loses puck.
6:34 of 2nd period - Shot by Andre Burakovsky.
6:34 of 2nd period - Shot Misses the Net.
7:24 of 2nd period - Brad Hunt is hit by Jack Hughes and loses puck.
8:25 of 2nd period - Shot by Sean Couturier.
8:25 of 2nd period - Stopped by Brian Elliott without a rebound.
8:26 of 2nd period - Andrew Copp wins face-off versus Anthony Cirelli in PHILADELPHIA zone.
8:27 of 2nd period - Shot by Zach Aston-Reese.
8:27 of 2nd period - Stopped by Brian Elliott without a rebound.
8:28 of 2nd period - Anthony Cirelli wins face-off versus Andrew Copp in PHILADELPHIA zone.
8:44 of 2nd period - Shot by Nikita Gusev.
8:44 of 2nd period - Stopped by Matt Murray without a rebound.
8:45 of 2nd period - Valtteri Filppula wins face-off versus Anders Lee in NEW JERSEY zone.
8:49 of 2nd period - Minor Penalty to Jake Muzzin for Roughing.
8:50 of 2nd period - Sean Couturier wins face-off versus Anthony Cirelli in NEW JERSEY zone.
9:07 of 2nd period - Shot by Nikita Gusev.
9:07 of 2nd period - Shot Blocked by Jeff Petry.
9:09 of 2nd period - Shot by Travis Sanheim.
9:09 of 2nd period - Shot Misses the Net.
9:11 of 2nd period - Shot by Anthony Cirelli.
9:11 of 2nd period - Goal by Anthony Cirelli - NEW JERSEY : 0 - PHILADELPHIA : 2.
9:12 of 2nd period - Valtteri Filppula wins face-off versus Derek Stepan in neutral zone.
9:18 of 2nd period - Conor Garland is hit by Jake Muzzin and loses puck.
9:22 of 2nd period - Minor Penalty to Dmitry Orlov for Holding.
9:23 of 2nd period - Sean Couturier wins face-off versus Anthony Cirelli in NEW JERSEY zone.
10:43 of 2nd period - Shot by Valtteri Filppula.
10:43 of 2nd period - Shot Blocked by Dougie Hamilton.
11:03 of 2nd period - Shot by Travis Sanheim.
11:03 of 2nd period - Shot Misses the Net.
11:21 of 2nd period - Shot by Nikita Gusev.
11:21 of 2nd period - Stopped by Matt Murray with a rebound.
11:32 of 2nd period - Jack Hughes is hit by Dmitry Orlov and loses puck.
12:06 of 2nd period - Michael Stone is hit by Mikael Granlund and loses puck.
12:20 of 2nd period - Dmitry Orlov is hit by Mathias Brome and loses puck.
12:27 of 2nd period - Shot by Henrik Zetterberg.
12:27 of 2nd period - Shot Misses the Net.
12:31 of 2nd period - Shot by Tyler Pitlick.
12:31 of 2nd period - Shot Misses the Net.
12:33 of 2nd period - Shot by Adam Pelech.
12:33 of 2nd period - Goal by Adam Pelech - NEW JERSEY : 0 - PHILADELPHIA : 3.
12:34 of 2nd period - Valtteri Filppula wins face-off versus Alex DeBrincat in neutral zone.
13:00 of 2nd period - Shot by Dylan Strome.
13:00 of 2nd period - Stopped by Brian Elliott without a rebound.
13:01 of 2nd period - Sean Couturier wins face-off versus Anthony Cirelli in PHILADELPHIA zone.
13:16 of 2nd period - Shot by Sean Couturier.
13:16 of 2nd period - Stopped by Brian Elliott without a rebound.
13:17 of 2nd period - Henrik Zetterberg wins face-off versus Andrew Copp in PHILADELPHIA zone.
13:26 of 2nd period - Icing by Dougie Hamilton.
13:27 of 2nd period - Andrew Copp wins face-off versus Anthony Cirelli in NEW JERSEY zone.
13:45 of 2nd period - Shot by Andrew Copp.
13:45 of 2nd period - Shot Misses the Net.
13:47 of 2nd period - Shot by Dougie Hamilton.
13:47 of 2nd period - Stopped by Brian Elliott without a rebound.
13:48 of 2nd period - Sean Couturier wins face-off versus Valtteri Filppula in PHILADELPHIA zone.
14:22 of 2nd period - Tyler Ennis is hit by Samuel Girard and loses puck.
14:30 of 2nd period - Jake Guentzel is hit by Olli Maatta.
14:56 of 2nd period - Shot by Anthony Cirelli.
14:56 of 2nd period - Stopped by Matt Murray without a rebound.
14:56 of 2nd period - Minor Penalty to Jeff Petry for Tripping.
14:57 of 2nd period - Andrew Copp wins face-off versus Anthony Cirelli in NEW JERSEY zone.
14:57 of 2nd period - Andrew Copp is hit by Anthony Cirelli.
16:11 of 2nd period - Olli Maatta is hit by Dougie Hamilton and loses puck.
16:22 of 2nd period - Shot by Anthony Cirelli.
16:22 of 2nd period - Shot Misses the Net.
16:24 of 2nd period - Shot by Anthony Cirelli.
16:24 of 2nd period - Deflect By Andre Burakovsky.
16:24 of 2nd period - Stopped by Matt Murray without a rebound.
16:25 of 2nd period - Anthony Cirelli wins face-off versus Anthony Duclair in NEW JERSEY zone.
16:34 of 2nd period - Shot by Andre Burakovsky.
16:34 of 2nd period - Stopped by Matt Murray without a rebound.
16:35 of 2nd period - Anthony Cirelli wins face-off versus Andrew Copp in NEW JERSEY zone.
16:52 of 2nd period - Shot by Anthony Cirelli.
16:52 of 2nd period - Stopped by Matt Murray without a rebound.
16:53 of 2nd period - Valtteri Filppula wins face-off versus Andrew Copp in NEW JERSEY zone.
16:56 of 2nd period - Shot by Valtteri Filppula.
16:56 of 2nd period - Shot Misses the Net.
17:02 of 2nd period - Michael Stone is hit by Derek Stepan and loses puck.
17:07 of 2nd period - Shot by Mikael Granlund.
17:07 of 2nd period - Shot Misses the Net.
17:23 of 2nd period - Shot by Jack Hughes.
17:23 of 2nd period - Stopped by Matt Murray without a rebound.
17:24 of 2nd period - Henrik Zetterberg wins face-off versus Andrew Copp in NEW JERSEY zone.
17:30 of 2nd period - Icing by Dmitry Orlov.
17:31 of 2nd period - Valtteri Filppula wins face-off versus Andrew Copp in NEW JERSEY zone.
17:52 of 2nd period - Shot by Tyler Ennis.
17:52 of 2nd period - Shot Misses the Net.
17:54 of 2nd period - Shot by Travis Sanheim.
17:54 of 2nd period - Shot Misses the Net.
18:09 of 2nd period - Icing by Dmitry Orlov.
18:10 of 2nd period - Anthony Cirelli wins face-off versus Andrew Copp in NEW JERSEY zone.
18:12 of 2nd period - Andre Burakovsky is hit by Jake Muzzin and loses puck.
18:58 of 2nd period - Icing by Jeff Petry.
18:59 of 2nd period - Jack Hughes wins face-off versus Sean Couturier in NEW JERSEY zone.
19:00 of 2nd period - Shot by Richard Panik.
19:00 of 2nd period - Stopped by Matt Murray with a rebound.
19:16 of 2nd period - Shot by Dougie Hamilton.
19:16 of 2nd period - Shot Blocked by Mikko Lehtonen.
19:18 of 2nd period - Shot by Jake Guentzel.
19:18 of 2nd period - Shot Blocked by Jack Hughes.
19:31 of 2nd period - Icing by Richard Panik.
19:32 of 2nd period - Jack Hughes wins face-off versus Dylan Strome in PHILADELPHIA zone.
Goals for this period are 0 for NEW JERSEY vs 3 for PHILADELPHIA.
Shots for this period are 7 for NEW JERSEY vs 14 for PHILADELPHIA.

3rd period


0:01 of 3rd period - Nikita Gusev wins face-off versus Sean Couturier in neutral zone.
0:18 of 3rd period - Sean Couturier is hit by Travis Sanheim and loses puck.
0:46 of 3rd period - Icing by Jeff Petry.
0:47 of 3rd period - Valtteri Filppula wins face-off versus Evander Kane in NEW JERSEY zone.
0:48 of 3rd period - Shot by Conor Garland.
0:48 of 3rd period - Stopped by Matt Murray without a rebound.
0:49 of 3rd period - Dylan Strome wins face-off versus Tyler Ennis in NEW JERSEY zone.
1:06 of 3rd period - Shot by Alex DeBrincat.
1:06 of 3rd period - Stopped by Brian Elliott without a rebound.
1:07 of 3rd period - Derek Stepan wins face-off versus Jack Hughes in PHILADELPHIA zone.
1:12 of 3rd period - Shot by Danton Heinen.
1:12 of 3rd period - Stopped by Brian Elliott without a rebound.
1:13 of 3rd period - Anthony Cirelli wins face-off versus Dylan Strome in PHILADELPHIA zone.
1:15 of 3rd period - Olli Maatta is hit by Anders Lee and loses puck.
2:21 of 3rd period - Shot by Conor Garland.
2:21 of 3rd period - Deflect By Valtteri Filppula.
2:21 of 3rd period - Shot Misses the Net.
2:23 of 3rd period - Shot by Valtteri Filppula.
2:23 of 3rd period - Stopped by Matt Murray without a rebound.
2:24 of 3rd period - Derek Stepan wins face-off versus Jack Hughes in NEW JERSEY zone.
2:33 of 3rd period - Shot by Derek Stepan.
2:33 of 3rd period - Stopped by Brian Elliott without a rebound.
2:34 of 3rd period - Sean Couturier wins face-off versus Henrik Zetterberg in PHILADELPHIA zone.
3:00 of 3rd period - Shot by Evander Kane.
3:00 of 3rd period - Stopped by Brian Elliott with a rebound.
3:42 of 3rd period - Shot by Andre Burakovsky.
3:42 of 3rd period - Shot Blocked by Samuel Girard.
5:13 of 3rd period - Shot by Dylan Strome.
5:13 of 3rd period - Stopped by Brian Elliott without a rebound.
5:14 of 3rd period - Sean Couturier wins face-off versus Jack Hughes in PHILADELPHIA zone.
5:16 of 3rd period - Jake Guentzel is hit by Olli Maatta and loses puck.
5:19 of 3rd period - Shot by Sean Couturier.
5:19 of 3rd period - Stopped by Brian Elliott without a rebound.
5:20 of 3rd period - Anthony Cirelli wins face-off versus Sean Couturier in PHILADELPHIA zone.
5:20 of 3rd period - Anthony Cirelli is hit by Evander Kane.
5:21 of 3rd period - Minor Penalty to Jake Guentzel for Roughing.
5:22 of 3rd period - Anthony Cirelli wins face-off versus Sean Couturier in NEW JERSEY zone.
8:12 of 3rd period - Icing by Mikko Lehtonen.
8:13 of 3rd period - Derek Stepan wins face-off versus Jack Hughes in PHILADELPHIA zone.
8:43 of 3rd period - Shot by Derek Stepan.
8:43 of 3rd period - Stopped by Brian Elliott without a rebound.
8:44 of 3rd period - Sean Couturier wins face-off versus Anthony Cirelli in PHILADELPHIA zone.
9:05 of 3rd period - Shot by Anthony Cirelli.
9:05 of 3rd period - Stopped by Matt Murray without a rebound.
9:06 of 3rd period - Valtteri Filppula wins face-off versus Dylan Strome in NEW JERSEY zone.
10:50 of 3rd period - Minor Penalty to Sean Couturier for Hooking.
10:51 of 3rd period - Valtteri Filppula wins face-off versus Andrew Copp in NEW JERSEY zone.
11:10 of 3rd period - Adam Pelech is hit by Andrew Copp.
11:20 of 3rd period - Shot by Tyler Ennis.
11:20 of 3rd period - Stopped by Matt Murray without a rebound.
11:21 of 3rd period - Anthony Duclair wins face-off versus Nikita Gusev in NEW JERSEY zone.
12:02 of 3rd period - Icing by Adam Pelech.
12:03 of 3rd period - Valtteri Filppula wins face-off versus Andrew Copp in PHILADELPHIA zone.
12:40 of 3rd period - Shot by Travis Sanheim.
12:40 of 3rd period - Shot Misses the Net.
12:42 of 3rd period - Shot by Olli Maatta.
12:42 of 3rd period - Stopped by Matt Murray without a rebound.
12:43 of 3rd period - Andrew Copp wins face-off versus Valtteri Filppula in NEW JERSEY zone.
13:20 of 3rd period - Jack Hughes is hit by Jake Muzzin and loses puck.
13:53 of 3rd period - Shot by Derek Stepan.
13:53 of 3rd period - Shot Misses the Net.
13:55 of 3rd period - Shot by Derek Stepan.
13:55 of 3rd period - Stopped by Brian Elliott without a rebound.
13:56 of 3rd period - Dylan Strome wins face-off versus Anthony Cirelli in PHILADELPHIA zone.
14:20 of 3rd period - Icing by Travis Sanheim.
14:21 of 3rd period - Derek Stepan wins face-off versus Anthony Cirelli in PHILADELPHIA zone.
14:34 of 3rd period - Shot by Mikael Granlund.
14:34 of 3rd period - Shot Misses the Net.
15:06 of 3rd period - Shot by Conor Garland.
15:06 of 3rd period - Shot Misses the Net.
15:37 of 3rd period - Shot by Michael Stone.
15:37 of 3rd period - Shot Blocked by Brad Hunt.
15:39 of 3rd period - Shot by Michael Stone.
15:39 of 3rd period - Shot Misses the Net.
15:41 of 3rd period - Shot by Jack Hughes.
15:41 of 3rd period - Stopped by Matt Murray with a rebound.
15:43 of 3rd period - Shot by Lias Andersson.
15:43 of 3rd period - Stopped by Matt Murray without a rebound.
15:44 of 3rd period - Evander Kane wins face-off versus Henrik Zetterberg in NEW JERSEY zone.
16:08 of 3rd period - Tyler Pitlick is hit by Jeff Petry and loses puck.
16:33 of 3rd period - Shot by Richard Panik.
16:33 of 3rd period - Stopped by Matt Murray without a rebound.
16:34 of 3rd period - Anthony Cirelli wins face-off versus Dylan Strome in NEW JERSEY zone.
17:11 of 3rd period - Shot by Dmitry Orlov.
17:11 of 3rd period - Shot Misses the Net.
18:49 of 3rd period - Shot by Derek Stepan.
18:49 of 3rd period - Shot Misses the Net.
18:59 of 3rd period - Shot by Derek Stepan.
18:59 of 3rd period - Goal by Derek Stepan - NEW JERSEY : 1 - PHILADELPHIA : 3.
19:00 of 3rd period - Dylan Strome wins face-off versus Jack Hughes in neutral zone.
19:31 of 3rd period - Shot by Richard Panik.
19:31 of 3rd period - Stopped by Matt Murray without a rebound.
19:32 of 3rd period - Sean Couturier wins face-off versus Anthony Cirelli in NEW JERSEY zone.
19:32 of 3rd period - Jake Guentzel is hit by Andre Burakovsky.
Goals for this period are 1 for NEW JERSEY vs 0 for PHILADELPHIA.
Shots for this period are 9 for NEW JERSEY vs 9 for PHILADELPHIA.